 Dungeon Crawl Stone Soup version 0.22-a0-833-g8522bf8 (webtiles) character file.

162 KristoblXynda the Skirmisher (level 5, -1/57 HPs)
             Began as an Ogre Berserker on July 25, 2018.
             Was a Believer of Trog.
             Slain by Sigmund
             ... wielding a +0 antimagic scythe
              (13 damage)
             ... on level 2 of the Dungeon.
             The game lasted 00:03:00 (1822 turns).

KristoblXynda the Skirmisher (Ogre Berserker)       Turns: 1822, Time: 00:03:00

Health: -1/57      AC:  3    Str: 21    XL:     5   Next: 43%
Magic:  0/5        EV: 11    Int:  8    God:    Trog [**....]
Gold:   110        SH:  0    Dex:  9    Spells: 4/4 levels left

rFire    . . .     SeeInvis .   a - +0 mace
rCold    . . .     Gourm    .   (no shield)
rNeg     . . .     Faith    .   b - +0 animal skin
rPois    .         Spirit   .   (helmet restricted)
rElec    .         Reflect  .   (no cloak)
rCorr    +         Harm     .   (gloves unavailable)
MR       .....                  (boots unavailable)
Stlth    +.........             (no amulet)
HPRegen  0.19/turn              i - ring of resist corrosion
MPRegen  0.09/turn              j - ring of wizardry

@: confused, berserk cooldown, slowed, very slow
A: large, unfitting armour, tough skin 1
a: Berserk, Trog's Hand, Renounce Religion


You were on level 2 of the Dungeon.
You worshipped Trog.
Trog was pleased with you.
You were hungry.

You visited 1 branch of the dungeon, and saw 2 of its levels.

You collected 110 gold pieces.

Inventory:

Hand Weapons
 a - a +0 mace (weapon)
Armour
 b - a +0 animal skin (worn)
Jewellery
 i - a ring of resist corrosion (left hand)
 j - a ring of wizardry (right hand)
Scrolls
 d - a scroll of enchant weapon {unknown}
 e - a scroll of magic mapping {unknown}
 l - a scroll of amnesia {unknown}
 m - a scroll of remove curse {unknown}
Potions
 f - a potion of might
 g - 2 potions of cancellation
Comestibles
 c - 2 rations


   Skills:
 + Level 5.2 Fighting
 * Level 4.3 Maces & Flails
 + Level 3.5 Dodging


You had 4 spell levels left.
You didn't know any spells.
Your spell library was empty.

Dungeon Overview and Level Annotations

Branches:
Dungeon (2/15)

Altars:

Annotations:
D:2 Sigmund


Innate Abilities, Weirdness & Mutations

You are too large for most types of armour.
You have tough skin. (AC +1)


Message History

You thump the giant cockroach!
You kill the giant cockroach!
Trog accepts your kill. Something completely misses you.
You hit something.
You hear some strange, mumbled words.
You are confused.
You completely miss something. Something hits you!
You feel your power leaking away.
You bump into the rock wall.
You bump into the rock wall.
You feel a strong urge to attack something.
Something hits you!
* * * LOW HITPOINT WARNING * * *
You bump into the rock wall.
You are no longer berserk.
You are exhausted.
You feel yourself slow down.
You bump into the rock wall.
Something hits you!
You die...

#...............#####.#
#.###.#######.#.......#
#### #.# #.# #....####(#
#... #.# #.#
##.....##.####.## #.# #.#
###.###.##........ #.#
#.# #...# #..........#
#.# #.#
#.#.###.#######..# #.#
#.# #.#......#...##..#
#.#
#.######@#.####..###.#..#
#.# #.......{### ####
#...). #.#####......#
#.>... #.....(.####.#
###### #########
#.[...... ###...... #####
#..$#. ##..... #####
#.##### #.###.#####


There were no monsters in sight!

Vanquished Creatures
  A scorpion (D:2)
  Natasha (D:2)
  A worker ant (D:2)
  A worm (D:2)
  A dart slug (D:2)
  2 leopard geckos (D:1)
  6 bats (D:1)
  6 giant cockroaches
  9 goblins
  8 hobgoblins
  6 jackals (D:1)
  5 kobolds
  A ball python (D:1)
  2 frilled lizards (D:2)
  2 rats (D:2)
52 creatures vanquished.

Notes
Turn   | Place    | Note
-------+----------+-------------------------------------------
     0 | D:1      | KristoblXynda the Ogre Berserker began the quest for the Orb.
     0 | D:1      | Reached XP level 1. HP: 24/24 MP: 1/1
    70 | D:1      | Reached XP level 2. HP: 30/32 MP: 2/2
   338 | D:1      | Reached XP level 3. HP: 24/40 MP: 3/3
   584 | D:1      | Reached ** piety under Trog
   910 | D:2      | Reached XP level 4. HP: 49/49 MP: 4/4
   986 | D:2      | Noticed Natasha
   995 | D:2      | Killed Natasha
  1380 | D:2      | Found a runed door.
  1466 | D:2      | Reached skill level 5 in Fighting
  1763 | D:2      | Noticed Sigmund
  1778 | D:2      | Reached XP level 5. HP: 27/57 MP: 5/5
  1822 | D:2      | Slain by Sigmund

Vault maps used:
D:1:      lightli_arrival_flooded_house
D:2:      marbit_many_paths, uniq_natasha, uniq_sigmund, uniq_crazy_yiuf_cottage

Skill      XL: |  1  2  3  4 |
---------------+-------------+-----
Maces & Flails | 3 4 |  4.3
Dodging        | 3 |  3.5
Fighting       | 5 |  5.2

Action                   |  1- 3 |  4- 6 || total
-------------------------+-------+-------++-------
Melee: Mace              |   110 |    52 ||   162
Invok: Berserk           |       |     1 ||     1
  Use: Scroll            |       |     2 ||     2
       Potion            |       |     1 ||     1
  Eat: Ration            |       |     1 ||     1
Armor: Animal skin       |    51 |    17 ||    68
Dodge: Dodged            |   102 |    50 ||   152

Table legend:
 A = Spawn XP
 B = Non-spawn XP
 C = Spawn XP percentage of total XP
 D = Spawn monster count
 E = Non-spawn monster count
 F = Spawn count percentage of total count
 G = Total turns spent on level
                    A         B        C        D         E        F      G
               +---------+---------+-------+---------+---------+-------+---------
         Total |       0 |     232 |   0.0 |       0 |      52 |   0.0 |  1822
               +---------+---------+-------+---------+---------+-------+---------
           D:1 |       0 |      55 |   0.0 |       0 |      30 |   0.0 |   817
           D:2 |       0 |     177 |   0.0 |       0 |      22 |   0.0 |  1005
               +---------+---------+-------+---------+---------+-------+---------
